 Dungeon Crawl Stone Soup version 0.17-a0-1691-g18a3847 (webtiles) character file.

79 karlkraus the Shield-Bearer (level 4, -7/41 HPs)
             Began as a Minotaur Fighter on Aug 20, 2015.
             Killed from afar by an orc (9 damage)
             ... with a wand of flame
             ... on level 3 of the Dungeon.
             The game lasted 00:02:39 (1315 turns).

karlkraus the Shield-Bearer (Minotaur Fighter)      Turns: 1315, Time: 00:02:40

Health: -7/41      AC:  7    Str: 20    XL:     4   Next: 16%
Magic:  3/3        EV:  8    Int:  5    God:
Gold:   118        SH:  9    Dex: 11    Spells: 0 memorised, 3 levels left

rFire  . . .     SeeInvis +     a - +0 flail
rCold  . . .     Clarity  .     b - +0 scale mail
rNeg   . . .     SustAt   .     c - +0 shield
rPois  .         Gourm    .     (helmet restricted)
rElec  .         Spirit   .     (no cloak)
rCorr  .         Warding  .     (no gloves)
rMut   .         Stasis   .     (no boots)
MR     .....                    i - amulet of rage
Stlth  ..........               (no ring)
                                g - ring of see invisible

@: not resistant to hostile enchantments, extremely unstealthy
A: retaliatory headbutt, horns 2
a: Evoke Berserk Rage


You were on level 3 of the Dungeon.
You were hungry.

You visited 1 branch of the dungeon, and saw 3 of its levels.

You collected 118 gold pieces.

Inventory:

Hand weapons
 a - a +0 flail (weapon)
Armour
 b - a +0 scale mail (worn)
 c - a +0 shield (worn)
 o - a +0 large shield
Jewellery
 g - a ring of see invisible (left hand)
 i - an amulet of rage (around neck)
Scrolls
 f - a scroll of remove curse {unknown}
 j - 2 scrolls of random uselessness {unknown}
 k - 2 scrolls of magic mapping {unknown}
 l - 2 scrolls of identify {unknown}
 m - a scroll of fear {unknown}
 n - 3 scrolls of teleportation {unknown}
Potions
 d - 2 potions of might
 h - a potion of curing {unknown}
 p - a potion of haste {unknown}
 q - a potion of degeneration {unknown}
 s - a potion of resistance {unknown}
Comestibles
 e - 4 bread rations
 r - a meat ration


   Skills:
 + Level 4.3 Fighting
 + Level 2.9 Maces & Flails
 + Level 4.2 Armour
 + Level 1.0 Dodging
 + Level 4.4 Shields


You had 3 spell levels left.
You didn't know any spells.

Dungeon Overview and Level Annotations

Branches:
Dungeon (3/15)

Altars:
Nemelex Xobeh
The Shining One

Annotations:
D:3 Ijyb


Innate Abilities, Weirdness & Mutations

You reflexively headbutt those who attack you in melee.
You have a pair of horns on your head.


Message History

Ijyb is severely wounded.
The orc hits you but does no damage.
Your shield and scale mail prevent you from hitting Ijyb.
Your headbutt misses Ijyb.
Ijyb is severely wounded.
Ijyb looks more energetic.
The orc zaps a wand.
The puff of flame hits you!
* * * LOW HITPOINT WARNING * * *
Ijyb hits you but does no damage.
The orc zaps a wand.
The puff of flame misses you.
You sock Ijyb!
Ijyb is almost dead.
Ijyb hits you but does no damage. The orc misses you.
You hit Ijyb but do no damage. You headbutt Ijyb, but do no damage.
Ijyb is almost dead.
You block Ijyb's attack. The orc barely misses you.
You hit Ijyb but do no damage. You headbutt Ijyb, but do no damage.
Ijyb is almost dead.
Ijyb hits you but does no damage.
The orc zaps a wand.
The puff of flame hits you!
You die...

##.....### ##......... ..
#.....[.... .....#..
#..........
...#..#.####..........
...................... .....
....#.†g?.......
#...###.##..@o........
......#............... #.
#.....)........... ..
#.##.....))).$.....##.#
#.##.#..#.##).(........#.#
.#......##................#.
.................%.......#..
......#######............[..
...... #................


You could see Ijyb and an orc.

Vanquished Creatures
  3 adders
  An ooze (D:1)
  4 orcs (D:3)
  A ball python (D:1)
  2 bats (D:2)
  3 giant cockroaches
  7 goblins
  4 hobgoblins
  3 giant newts
  7 kobolds
  8 rats
43 creatures vanquished.

Notes
Turn   | Place    | Note
--------------------------------------------------------------
     0 | D:1      | karlkraus the Minotaur Fighter began the quest for the Orb.
     0 | D:1      | Reached XP level 1. HP: 19/19 MP: 0/0
   119 | D:1      | Reached skill level 4 in Fighting
   119 | D:1      | Reached XP level 2. HP: 27/27 MP: 1/1
   630 | D:2      | Found a faded altar to an unknown god.
   642 | D:2      | Reached XP level 3. HP: 33/33 MP: 2/2
   830 | D:2      | Found a sparkling altar of Nemelex Xobeh.
   927 | D:2      | Found a glowing golden altar of the Shining One.
  1259 | D:3      | Reached skill level 1 in Dodging
  1287 | D:3      | Noticed Ijyb
  1295 | D:3      | Reached XP level 4. HP: 32/41 MP: 3/3
  1312 | D:3      | HP: 1/41 [orc/wand of flame (4)]
  1315 | D:3      | Killed from afar by an orc

Vault maps used:
D:1:      dpeg_arrival_lava_temple_mockup, serial_corexii_hall,
          corexii_hall_statues_i, corexii_hall_statues_t,
          corexii_hall_statues_deadend
D:2:      lemuel_doored_altar, tso_altar, first_bread, ecumenical_altar_1
D:3:      old_standard_altar, uniq_iyjb

Action                   |  1- 3 |  4- 6 || total
-------------------------+-------+-------++-------
Melee: Flail             |   102 |    20 ||   122
  Eat: Chunk             |     1 |       ||     1
